Map: Kairos Junction LE

Players

liquidthermy (uThermal)

  • Race: Terran Terran
  • League: Master
  • Spawn Location: 11:00

Special - Winner!

  • Race: Terran Terran
  • League: Master
  • Spawn Location: 5:00

Event: IEM Season 13 - Katowice Server Qualifiers Europe

VOD

Have the link to the VOD?

Description

Time

  • Played on: Jan. 8, 2019, 10:55 a.m.
  • Length: 11:11

All games in this series

Show
View Real Time Build Order
Export as new Build Order

liquidthermy Terran 

Build Orders: 1/1/1 

Get SALT Encoding   

  12  0:01  SCV  
  13  0:13  SCV  
  14  0:17  Supply Depot  
  14  0:25  SCV  
  14  0:27  Refinery  
  15  0:38  SCV  
  16  0:44  Barracks  
  16  0:51  SCV  
  16  0:54  Refinery  
  17  1:03  SCV  
  18  1:15  SCV  
  19  1:31  Reaper, Orbital Command  
  20  1:35  Factory  
  20  1:48  Supply Depot  
  20  1:56  SCV  
  21  2:03  Reaper  
  22  2:09  SCV  
  23  2:18  Hellion  
  23  2:20  Starport  
  23  2:21  SCV  
  26  2:33  SCV  
  26  2:35  Supply Depot  
  26  2:36  Barracks Tech Lab  
  27  2:39  Hellion  
  29  2:57  Command Center  
  29  3:01  Hellion  
  29  3:04  Raven  
  33  3:08  SCV  
  33  3:12  Barracks Reactor  
  34  3:20  SCV  
  34  3:22  Supply Depot  
  34  3:23  Factory Tech Lab  
  35  3:32  SCV  
  36  3:41  Refinery  
  36  3:44  SCV  
  36  3:46  Siege Tank  
  38  3:49  Marine x2  
  38  3:52  Viking  
  42  3:56  SCV  
  43  4:06  Marine  
  43  4:07  Marine  
  43  4:08  SCV  
  44  4:20  SCV  
  44  4:33  SCV  
  44  4:36  Orbital Command  
  45  4:39  Viking  
  45  4:41  Viking  
  45  4:45  SCV  
  50  4:48  Siege Tank  
  53  4:57  SCV  
  54  5:01  SCV  
  54  5:02  Supply Depot  
  55  5:11  Viking  
  57  5:17  Viking  
  57  5:20  SCV  
  60  5:26  SCV  
  61  5:29  Siege Tank  
  61  5:30  Marine  
  65  5:36  SCV, Supply Depot  
  65  5:38  SCV  
  67  5:46  Viking  
  67  5:47  Viking  
  69  5:51  SCV  
  70  5:58  SCV  
  70  5:59  Supply Depot  
  70  6:01  Siege Tank  
  70  6:03  SCV  
  75  6:08  Refinery, Stimpack  
  75  6:10  SCV  
  76  6:15  SCV  
  77  6:22  SCV  
  77  6:23  Viking  
  77  6:25  Viking  
  82  6:33  SCV  
  82  6:38  SCV  
  81  6:45  SCV  
  78  6:50  SCV  
  78  6:53  Viking  
  78  6:55  Viking  
  78  6:57  SCV  
  77  7:02  SCV  
  77  7:07  Liberator  
  76  7:09  SCV  
  76  7:12  Marine  
  76  7:14  SCV  
  79  7:22  SCV  
  80  7:25  Supply Depot  
  80  7:27  SCV  
  84  7:30  Marine  
  84  7:34  SCV  
  86  7:40  SCV  
  84  7:46  SCV, Siege Tank  
  84  7:48  Marine, Supply Depot  
  89  7:52  SCV  
  89  7:58  SCV  
  90  8:04  SCV  
  82  8:06  Marine  
  82  8:10  SCV  
  82  8:11  Viking  
  80  8:16  Viking, SCV  
  79  8:22  SCV  
  79  8:24  Marine, Siege Tank  
  84  8:28  SCV  
  84  8:31  Command Center  
  85  8:34  SCV  
  85  8:40  SCV  
  86  8:42  Marine, Viking, Engineering Bay x2  
  86  8:46  SCV  
  88  8:49  Viking  
  88  8:52  SCV  
  88  8:56  Siege Tank  
  88  8:58  SCV  
  88  8:59  Marine  
  93  9:05  SCV  
  93  9:06  Combat Shield  
  94  9:10  SCV  
  94  9:11  Terran Infantry Armor Level 1, Terran Infantry Weapons Level 1  
  95  9:18  Viking  
  95  9:21  Viking  
  99  9:28  Siege Tank  
  99  9:29  SCV  
  103  9:32  SCV  
  103  9:36  Marine  
  105  9:41  SCV  
  106  9:48  Viking  
  106  9:51  Viking  
  110  9:59  SCV  
  111  10:02  Barracks, Orbital Command  
  111  10:04  Barracks  
  110  10:08  SCV  
  110  10:11  Marine  
  110  10:12  SCV  
  110  10:13  Barracks  
  109  10:14  Barracks  
  109  10:21  Viking  
  109  10:29  Marine  
  109  10:30  Siege Tank  
  109  10:31  SCV  
  109  10:32  SCV  
  109  10:33  SCV  
  100  10:39  Viking  
  78  10:43  SCV  
  78  10:44  SCV  
  78  10:45  SCV  
  72  10:55  SCV  
  72  10:56  SCV  
Show
View Real Time Build Order
Export as new Build Order

Special Terran - Winner!

Build Orders: Liberator Opening 

Get SALT Encoding   

  12  0:01  SCV  
  13  0:13  SCV  
  14  0:17  Supply Depot  
  14  0:25  SCV  
  15  0:29  Refinery  
  15  0:39  SCV  
  16  0:44  Barracks  
  16  0:51  SCV  
  17  1:03  SCV  
  18  1:15  SCV  
  19  1:31  Marine  
  20  1:33  Factory, Orbital Command  
  20  1:45  Supply Depot  
  20  1:50  Reaper  
  21  1:59  SCV  
  22  2:13  SCV  
  23  2:17  Command Center  
  23  2:18  Hellion  
  26  2:22  Reaper  
  26  2:27  SCV  
  27  2:30  Refinery  
  27  2:39  SCV, Supply Depot  
  27  2:41  Hellion  
  30  2:51  SCV  
  30  2:53  Starport  
  31  3:00  Barracks Reactor  
  31  3:04  SCV, Hellion  
  34  3:15  Liberator  
  34  3:16  SCV  
  35  3:24  Refinery  
  35  3:26  Factory Tech Lab  
  35  3:29  Orbital Command  
  38  3:35  SCV  
  38  3:37  Marine x2  
  41  3:48  SCV  
  42  3:51  Cyclone  
  42  3:55  Marine x2  
  45  3:56  SCV  
  45  4:00  SCV  
  49  4:08  SCV  
  50  4:10  Supply Depot  
  52  4:26  Siege Tank  
  52  4:29  SCV x2  
  47  4:33  Viking x2  
  51  4:38  Marine  
  51  4:41  SCV x2  
  54  4:50  Supply Depot  
  54  4:53  SCV x2  
  54  4:56  Marine  
  57  5:02  Viking, Siege Tank  
  62  5:11  Viking, SCV x2  
  62  5:12  Supply Depot  
  66  5:14  Marine  
  67  5:23  SCV x2  
  69  5:33  Viking  
  69  5:34  Siege Tank  
  74  5:38  Command Center  
  74  5:39  Barracks Tech Lab, Supply Depot  
  74  5:40  SCV  
  74  5:41  Viking, Refinery, SCV  
  78  6:00  Marine, SCV x2  
  78  6:02  Supply Depot  
  78  6:03  Viking  
  83  6:11  Viking  
  83  6:12  SCV x2  
  86  6:19  Supply Depot  
  86  6:23  Siege Tank  
  86  6:25  SCV x2  
  88  6:31  Marine  
  89  6:32  Supply Depot x2  
  89  6:35  Viking  
  89  6:37  SCV  
  92  6:41  Viking  
  93  6:49  Marine  
  93  6:51  Orbital Command  
  93  6:52  SCV x2  
  92  6:55  Siege Tank  
  87  7:04  SCV  
  87  7:05  Viking  
  87  7:06  Stimpack  
  83  7:11  Viking  
  83  7:13  Marine  
  86  7:18  SCV  
  87  7:27  Siege Tank  
  87  7:28  Barracks  
  87  7:29  Barracks  
  90  7:31  Marine  
  91  7:37  Viking  
  91  7:41  Viking  
  95  7:46  SCV x2  
  97  7:54  Marine, Engineering Bay  
  97  7:56  Engineering Bay  
  98  7:59  Siege Tank  
  98  8:03  Barracks  
  97  8:07  Viking  
  97  8:10  Orbital Command  
  97  8:11  Viking  
  97  8:12  Marine  
  87  8:20  SCV x2  
  87  8:22  Terran Infantry Armor Level 1, Terran Infantry Weapons Level 1  
  87  8:26  Barracks Reactor  
  88  8:32  Siege Tank  
  91  8:34  Barracks Reactor  
  91  8:36  Barracks  
  91  8:37  Barracks  
  91  8:38  SCV, Supply Depot  
  91  8:39  SCV x2  
  93  8:43  Viking  
  95  8:50  SCV  
  95  8:52  SCV x2  
  95  8:55  Barracks Reactor  
  98  8:56  Sensor Tower  
  98  8:57  Missile Turret  
  98  9:03  SCV  
  98  9:04  SCV  
  98  9:06  Marine x2  
  98  9:07  Marine  
  98  9:08  Combat Shield  
  103  9:11  SCV  
  103  9:12  Missile Turret  
  103  9:14  Refinery x2  
  103  9:15  SCV  
  103  9:16  Medivac  
  107  9:21  Supply Depot  
  107  9:22  Marine x2, Medivac  
  111  9:24  Marine x2  
  111  9:25  Marine, Barracks Reactor  
  113  9:31  SCV x3  
  113  9:37  Marine x2  
  119  9:39  Barracks Reactor  
  119  9:40  Marine x2  
  119  9:41  Siege Tank  
  119  9:45  Marine, Supply Depot  
  123  9:46  Marine, Supply Depot  
  123  9:47  Marine  
  123  9:49  Medivac  
  123  9:51  Command Center  
  128  9:53  Medivac  
  128  9:55  Marine  
  128  9:56  Marine  
  128  9:57  Marine x2  
  134  10:05  Supply Depot  
  128  10:08  Armory, Marine  
  128  10:10  Marine  
  128  10:13  Siege Tank  
  129  10:16  Marine x2  
  129  10:19  Marine  
  129  10:21  Marine  
  133  10:24  Medivac  
  135  10:31  Marine x2  
  126  10:37  Marine  
  126  10:39  Marine  
  126  10:41  Marine x2  
  126  10:42  Marine  
  122  10:48  Marine  
  122  10:49  Marine  
  116  10:50  Marine  
  116  10:52  Marine  

Tags
 
Add a new tag
Caveats
  • Supply blocks, unpowered buildings, or Contaminate may cause inaccurate times.
  • Supply counts are checked every 10 seconds.